 Dungeon Crawl Stone Soup version 0.21.1-1-g345015f (webtiles) character file.

10941 teukkam the Fighter (level 11, -5/108 HPs)
             Began as a Minotaur Berserker on Feb 19, 2018.
             Was a Priest of Jiyva.
             Slain by a seven-headed hydra (7 damage)
             ... on level 1 of the Lair of Beasts.
             The game lasted 00:42:09 (8529 turns).

teukkam the Fighter (Minotaur Berserker)            Turns: 8529, Time: 00:42:11

Health: -5/108     AC:  7    Str: 21 (24) XL:     11   Next: 42%
Magic:  10/10      EV: 12    Int:  2 (4)  God:    Jiyva [***...]
Gold:   519        SH:  0    Dex:  9 (11) Spells: 10/10 levels left

rFire    + + .     SeeInvis .   K - +0 dire flail (venom)
rCold    . . .     Gourm    .   (shield currently unavailable)
rNeg     . . .     Faith    .   h - +1 troll leather armour {Snorg}
rPois    .         Spirit   .   (helmet restricted)
rElec    +         Reflect  .   (no cloak)
rCorr    +         Harm     .   k - +0 pair of gloves
MR       .....                  d - +0 pair of boots
Stlth    +.........             q - amulet of rage
HPRegen  0.68/turn              n - ring of resist corrosion
MPRegen  0.12/turn              f - ring of protection from fire

@: no status effects
A: retaliatory headbutt, horns 2, fire resistance 1, screaming 1, electricity
resistance
a: Request Jelly, Renounce Religion, Evoke Berserk Rage


You were on level 1 of the Lair of Beasts.
You worshipped Jiyva.
Jiyva was most pleased with you.
You were not hungry.

You visited 2 branches of the dungeon, and saw 11 of its levels.

You collected 519 gold pieces.

Inventory:

Hand Weapons
 a - the +8 autumn katana {slice, Clar}
   (You found it on level 4 of the Dungeon)

   It inflicts extra damage upon your enemies.
   It protects you against confusion.
 b - a +1 blowgun
 o - a +0 hand axe
 K - a +0 dire flail of venom (weapon)
 S - a +3 dagger of freezing
Missiles
 g - 19 tomahawks
 i - an exploding tomahawk
 p - 71 poisoned needles
 v - 6 curare-tipped needles
 D - 6 javelins
 N - a throwing net
 O - 5 javelins of returning (quivered)
 Q - 4 javelins of penetration
Armour
 d - a +0 pair of boots (worn)
 h - a +1 troll leather armour (worn) {Snorg}
 j - a +1 chain mail
 k - a +0 pair of gloves (worn)
Magical Staves
 l - an uncursed staff of air
Jewellery
 f - a ring of protection from fire (right hand)
 n - a ring of resist corrosion (left hand)
 q - an amulet of rage (around neck)
 R - an uncursed amulet of rage
Wands
 y - a wand of digging (15)
 L - a wand of random effects (15)
Scrolls
 t - a scroll of magic mapping
 w - 2 scrolls of enchant weapon
 E - 5 scrolls of remove curse
 F - 8 scrolls of identify
 G - 2 scrolls of fog
Potions
 e - 2 potions of curing
 r - a potion of degeneration
 s - a potion of mutation
 u - 3 potions of agility {unknown}
 x - a potion of flight {unknown}
 A - 2 potions of brilliance {unknown}
 B - a potion of invisibility {unknown}
 C - a potion of ambrosia {unknown}
 I - 2 potions of might {unknown}
Books
 H - a book of Air

   Spells                             Type                      Level
   a - Shock                          Conjuration/Air              1
   b - Swiftness                      Charms/Air                   2
   c - Static Discharge               Conjuration/Air              3
   d - Airstrike                      Air                          4
   e - Lightning Bolt                 Conjuration/Air              5
Comestibles
 c - 11 rations


   Skills:
 + Level 13.6 Fighting
 + Level 12.5 Long Blades
 - Level 5.9 Axes
 + Level 8.2 Throwing
 - Level 2.4 Armour
 - Level 2.1 Dodging


You had 10 spell levels left.
You didn't know any spells.

Dungeon Overview and Level Annotations

Branches:
Dungeon (10/15)            Temple (0/1) D:6            Lair (1/6) D:10
    Orc (0/2) D:9

Altars:
Ashenzari
Okawaru
Jiyva

Shops:
D:4 !:%}   D:6 %


Innate Abilities, Weirdness & Mutations

You reflexively headbutt those who attack you in melee.
You have a pair of horns on your head.
Your flesh is heat resistant. (rF+)
You occasionally shout uncontrollably at your foes.
You are resistant to electric shocks. (rElec)


Message History

The seven-headed hydra is moderately wounded.
The porcupine bites you. The seven-headed hydra bites you!
* * * LOW HITPOINT WARNING * * *
The seven-headed hydra bites you!
* * * LOW HITPOINT WARNING * * *
The seven-headed hydra bites you but does no damage.
The seven-headed hydra bites you!
* * * LOW HITPOINT WARNING * * *
The seven-headed hydra bites you but does no damage. x2
The seven-headed hydra closely misses you.
The komodo dragon closely misses you. The porcupine barely misses you.
You furiously retaliate!
You headbutt the porcupine.
It was a potion of mutation.
You feel extremely strange.
You feel stupid.
You feel the urge to shout.
You feel resistant to heat.
You feel insulated. The seven-headed hydra bites you.
* * * LOW HITPOINT WARNING * * *
The seven-headed hydra closely misses you.
The seven-headed hydra bites you!
You die...

#
#..................P#
#..................##
#.................##
###................#
.#..................#
....................##
.................[.).
....[..lDr......
........@.......
...#.$....(##...
.###.....## #..
#......# .. ##./....
........ .........
......###(.


You could see a seven-headed hydra, a komodo dragon and a porcupine.

Vanquished Creatures
  Snorg (D:10)
  2 two-headed ogres
  2 unseen horrors (D:10)
  The ghost of nikopol the Thaumaturge, a novice DEFE of Vehumet (D:8)
  An ugly thing (D:10)
  The ghost of
  1994 the Dealer of Despair, a novice DsNe of Kikubaaqudgha (D:6)
  A komodo dragon (D:10)
  A polar bear (D:10)
  A slime creature (D:10)
  A hippogriff (D:9)
  3 wyverns
  A spriggan (D:9)
  A wraith (D:10)
  9 yaks
  Menkaure (D:4)
  The ghost of Mirai the Conjurer, an amateur DECj (D:3)
  A water moccasin (D:9)
  An ice beast (D:10)
  A sky beast (D:8)
  4 orc warriors
  6 black bears
  An eye of draining (D:10)
  An ogre (D:10)
  A phantom (D:9)
  3 centaurs
  A crocodile (Lair:1)
  3 big kobolds
  Blork the orc (D:6)
  A gnoll sergeant (D:9)
  4 bullfrogs
  3 scorpions
  5 killer bees (D:8)
  4 wights (D:9)
  4 crimson imps
  5 bullfrog zombies
  5 orc priests
  4 hounds
  A jelly (D:10)
  A gnoll shaman (D:8)
  A centaur skeleton (D:9)
  8 orc wizards
  3 iguanas
  Terence (D:2)
  4 worker ants
  2 hound zombies
  12 gnolls
  11 adders
  A shadow imp (D:8)
  3 adder skeletons
  2 worms
  A dart slug (D:2)
  8 leopard geckos
  31 orcs
  A ball python (D:3)
  6 bats
  17 giant cockroaches
  8 goblins
  10 hobgoblins
  8 jackals
  4 quokkas
  6 frilled lizards
  A jackal skeleton (D:4)
  23 kobolds
  A leopard gecko zombie (D:7)
  A quokka zombie (D:5)
  4 rats
267 creatures vanquished.

Vanquished Creatures (others)
  A yak (D:10)
  A bullfrog (D:10)
  3 jellies (D:10)
  An orc priest (D:10)
  2 orc wizards (D:10)
  A kobold (D:10)
  A plant (D:10)
10 creatures vanquished.

Grand Total: 277 creatures vanquished

Notes
Turn   | Place    | Note
-------+----------+-------------------------------------------
     0 | D:1      | teukkam the Minotaur Berserker began the quest for the Orb.
     0 | D:1      | Reached XP level 1. HP: 19/19 MP: 0/0
   134 | D:1      | Reached skill level 4 in Fighting
   134 | D:1      | Reached XP level 2. HP: 25/27 MP: 1/1
   386 | D:2      | Reached XP level 3. HP: 4/34 MP: 2/2
   432 | D:2      | Reached ** piety under Trog
   452 | D:2      | Reached XP level 4. HP: 13/41 MP: 3/3
   489 | D:2      | Reached skill level 5 in Fighting
   489 | D:2      | Reached skill level 5 in Axes
   502 | D:2      | HP: 2/42 [poisoned by a worker ant]
  1257 | D:2      | Noticed Terence
  1261 | D:2      | Killed Terence
  1261 | D:2      | Reached XP level 5. HP: 48/48 MP: 4/4
  1688 | D:2      | Found a faded altar of an unknown god.
  1781 | D:5      | Entered Level 5 of the Dungeon
  1795 | D:4      | Found the +8 autumn katana {slice, Clar}
  1797 | D:4      | Found an iron altar of Okawaru.
  1917 | D:3      | Noticed Mirai's ghost (amateur DECj)
  1921 | D:3      | Killed Mirai's ghost
  1921 | D:3      | Reached skill level 6 in Fighting
  1921 | D:3      | Reached XP level 6. HP: 58/58 MP: 5/5
  2157 | D:3      | Reached *** piety under Trog
  2498 | D:3      | Found a shattered altar of Ashenzari.
  2657 | D:4      | Found Zaebrauj's Distillery.
  2784 | D:4      | Found Qeeh's Book Shoppe.
  2793 | D:4      | Found Ezuhifogac's Food Shop.
  2875 | D:4      | Reached skill level 7 in Fighting
  2999 | D:4      | Reached XP level 7. HP: 55/66 MP: 6/6
  3033 | D:4      | Noticed Menkaure
  3038 | D:4      | Killed Menkaure
  3275 | D:4      | Found Laitsuef's Gadget Shop.
  3478 | D:5      | Reached **** piety under Trog
  3478 | D:5      | Reached skill level 8 in Fighting
  3478 | D:5      | Reached skill level 5 in Long Blades
  3727 | D:6      | Noticed a wyvern
  3731 | D:6      | Killed a wyvern
  3731 | D:6      | Reached XP level 8. HP: 56/75 MP: 7/7
  3863 | D:6      | Found Beaq's Food Shop.
  3871 | D:6      | Noticed Blork the orc
  3889 | D:6      | Killed Blork the orc
  3889 | D:6      | Reached skill level 9 in Fighting
  3892 | D:6      | Noticed 1994's ghost (novice DsNe)
  3908 | D:6      | Killed 1994's ghost
  4170 | D:6      | Found a staircase to the Ecumenical Temple.
  4389 | D:6      | Got a fine robe
  4400 | D:6      | Identified the cursed +1 robe "Fentit" {MR+} (You found it on level 6 of the Dungeon)
  4687 | D:7      | Reached skill level 10 in Fighting
  4983 | D:8      | Reached skill level 1 in Throwing
  4983 | D:8      | Reached XP level 9. HP: 86/86 MP: 8/8
  5064 | D:8      | Noticed nikopol's ghost (novice DEFE)
  5081 | D:8      | Killed nikopol's ghost
  5081 | D:8      | Reached skill level 11 in Fighting
  5194 | D:8      | Reached ***** piety under Trog
  5235 | D:8      | Noticed a two-headed ogre
  5267 | D:8      | Killed a two-headed ogre
  5267 | D:8      | Reached skill level 10 in Long Blades
  5443 | D:8      | Reached XP level 10. HP: 97/97 MP: 9/9
  5685 | D:9      | Reached skill level 5 in Throwing
  5707 | D:9      | Found a staircase to the Orcish Mines.
  5709 | D:9      | Noticed a two-headed ogre
  5733 | D:9      | Killed a two-headed ogre
  5733 | D:9      | Received a gift from Trog
  5733 | D:9      | Reached skill level 12 in Fighting
  6146 | D:9      | Found an iron altar of Okawaru.
  6177 | D:9      | Received a gift from Trog
  6442 | D:10     | Entered Level 10 of the Dungeon
  6519 | D:10     | Found a staircase to the Lair.
  6624 | D:10     | Found a viscous altar of Jiyva.
  6627 | D:10     | Killed an unseen horror
  6631 | D:10     | Killed an unseen horror
  6631 | D:10     | Reached skill level 13 in Fighting
  6635 | D:10     | Reached XP level 11. HP: 107/107 MP: 10/10
  6647 | D:10     | Noticed a brown ugly thing
  6651 | D:10     | Killed a brown ugly thing
  6755 | D:10     | Fell from the grace of Trog
  6755 | D:10     | Became a worshipper of Jiyva Jeirph the Shapeless
  7414 | D:7      | Reached * piety under Jiyva
  7870 | D:10     | Noticed Snorg
  7877 | D:10     | Killed Snorg
  7927 | D:10     | Reached ** piety under Jiyva
  8166 | Lair:1   | Entered Level 1 of the Lair of Beasts
  8218 | Lair:1   | Noticed a seven-headed hydra
  8224 | Lair:1   | HP: 2/108 [seven-headed hydra (12)]
  8394 | D:8      | Reached *** piety under Jiyva
  8394 | D:8      | Gained mutation: Your mind is acute. (Int +2) [Jiyva's grace]
  8529 | Lair:1   | Lost mutation: Your mind is acute. (Int +2) [potion of mutation]
  8529 | Lair:1   | Gained mutation: You occasionally shout uncontrollably at your foes. [potion of mutation]
  8529 | Lair:1   | Gained mutation: Your flesh is heat resistant. (rF+) [potion of mutation]
  8529 | Lair:1   | Gained mutation: You are resistant to electric shocks. (rElec) [potion of mutation]
  8529 | Lair:1   | HP: 2/108 [seven-headed hydra (5)]
  8529 | Lair:1   | Slain by a seven-headed hydra

Skill      XL: |  1  2  3  4  5  6  7  8  9 10 11 |
---------------+----------------------------------+-----
Fighting       | 4 5 6 7 8 10 11 13 | 13.6
Axes           | 4 5 |  5.9
Long Blades    | 2 3 6 8 10 11 12 | 12.5
Throwing       | 1 4 7 8 |  8.2
Armour         | |  2.4
Dodging        | |  2.1

Action                   |  1- 3 |  4- 6 |  7- 9 | 10-12 || total
-------------------------+-------+-------+-------+-------++-------
Melee: Hand axe          |    43 |    61 |       |       ||   104
       Headbutt          |     5 |    18 |    20 |    24 ||    67
       Katana            |       |    81 |   127 |   128 ||   336
       Dire flail        |       |       |       |     2 ||     2
       Staff             |       |       |       |     1 ||     1
 Fire: Blowgun           |       |       |     7 |    11 ||    18
Throw: Tomahawk          |       |       |    14 |       ||    14
       Javelin           |       |       |       |    75 ||    75
Invok: Berserk           |     1 |     4 |     2 |     1 ||     8
       Brothers in Arms  |       |       |       |     1 ||     1
 Abil: Evoke Berserk Rag |       |       |       |     1 ||     1
Evoke: Wand              |       |       |     1 |     8 ||     9
  Use: Potion            |       |     1 |     2 |     3 ||     6
       Scroll            |       |     1 |     7 |     7 ||    15
  Eat: Chunk             |       |     5 |     9 |     4 ||    18
       Ration            |       |     2 |       |     2 ||     4
Armor: Animal skin       |    10 |     2 |       |       ||    12
       Chain mail        |       |    88 |    59 |    27 ||   174
       Skin              |       |       |       |    52 ||    52
       Troll leather arm |       |       |       |    18 ||    18
Dodge: Dodged            |    37 |    65 |    50 |    89 ||   241
       Rpst.: Katana     |       |     8 |     8 |    12 ||    28
